 Dungeon Crawl Stone Soup version 0.28.0-53-g5a82cb258f (webtiles) character file.

Game seed: 7931810772375484011

4475 safid the Severer (level 10, -1/124 HPs)
             Began as a Hill Orc Fighter on July 27, 2022.
             Slain by a spriggan
             ... wielding the +8 hand axe "Xistruw" {venom, rPois}
              (6 damage)
             ... in a bailey.
             The game lasted 00:15:03 (9286 turns).

safid the Severer (Hill Orc Fighter)                Turns: 9286, Time: 00:15:03

Health: -1/124     AC: 14    Str: 22 (24) XL:     10   Next: 38%
Magic:  10/10      EV:  9    Int:  5 (8)  God:
Gold:   294        SH:  8    Dex:  7 (10) Spells: 9/9 levels left

rFire   . . .      SeeInvis .   a - +0 war axe
rCold   . . .      Faith    .   D - +0 kite shield
rNeg    . . .      Spirit   .   i - +0 plate armour
rPois   .          Reflect  .   (no helmet)
rElec   .          Harm     .   (no cloak)
rCorr   .          Rampage  .   u - +1 pair of gloves
Will    +....                   (no boots)
Stlth   ..........              f - amulet of the acrobat
HPRegen 0.30/turn               q - ring of willpower
MPRegen 0.12/turn               C - +4 ring of evasion

@: berserking, lethally poisoned (-1 -> -22), attractive, very quick
A: no striking features
a: no special abilities


You were in a bailey.
You visited 1 branch of the dungeon, and saw 7 of its levels.
You also visited: Sewer and Bailey.

You collected 294 gold pieces.

Inventory:

Hand Weapons
 a - a +0 war axe (weapon)
Missiles
 m - 31 poisoned darts (quivered)
 w - 5 javelins
 y - 2 curare-tipped darts
Armour
 i - a +0 plate armour (worn)
 u - a +1 pair of gloves (worn)
 D - a +0 kite shield (worn)
Jewellery
 f - an amulet of the acrobat (around neck)
 q - a ring of willpower (left hand)
 C - a +4 ring of evasion (right hand)
 E - a ring of positive energy
 I - a ring of wizardry
Wands
 z - a wand of iceblast (7)
 A - a wand of polymorph (11)
 G - a wand of acid (7)
Scrolls
 c - a scroll of immolation {unknown}
 e - a scroll of enchant weapon {unknown}
 g - 2 scrolls of amnesia
 h - 6 scrolls of teleportation
 k - a scroll of enchant armour {unknown}
 n - a scroll of identify
 o - a scroll of magic mapping {unknown}
 t - a scroll of fear {unknown}
 B - 2 scrolls of vulnerability {unknown}
Potions
 b - 2 potions of berserk rage
 d - 2 potions of might
 l - 4 potions of magic
 p - a potion of attraction
 r - a potion of curing {unknown}
 s - a potion of degeneration
 v - a potion of invisibility
 x - 3 potions of haste
 F - a potion of mutation {unknown}
 H - a potion of ambrosia {unknown}


   Skills:
 + Level 6.0 Fighting
 - Level 16.0 Axes
 + Level 5.7 Armour
 + Level 2.8 Dodging
 + Level 5.7 Shields


You had 9 spell levels left.
You didn't know any spells.
Your spell library contained the following spells:

 Spells                   Type           Power      Damage    Failure   Level
 Corpse Rot               Necr/Air       0%         N/A       100%        2
 Dispel Undead            Necr           0%         3d6       100%        4
 Death Channel            Necr           0%         N/A       100%        6


Dungeon Overview and Level Annotations

Branches:
Dungeon (7/15)             Temple (0/1) D:4           Sewer (visited)
 Bailey (1/1)

Altars:
Cheibriados
Xom

Shops:
D:2 (


Message History

You miss the spriggan.
The spriggan is moderately wounded.
* * * LOW HITPOINT WARNING * * *
You feel very sick. The spriggan barely misses you.
You feel much better.
You feel very sick.
The spriggan hits you with the +8 hand axe "Xistruw" {venom, rPois}.
You are more poisoned.
You barely miss the spriggan.
The spriggan is moderately wounded.
You feel very sick.
The spriggan hits you with the +8 hand axe "Xistruw" {venom, rPois}.
* * * LOW HITPOINT WARNING * * *
You are lethally poisoned!
You closely miss the spriggan.
The spriggan is moderately wounded.
* * * LOW HITPOINT WARNING * * *
You feel very sick. You block the spriggan's attack.
Unknown command.
It was a potion of attraction.
You feel attractive to monsters.
* * * LOW HITPOINT WARNING * * *
You feel very sick.
The spriggan hits you but does no damage.
You are more poisoned.
It was a potion of degeneration.
There was something very wrong with that liquid.
You feel weakened.
You feel dopey.
You feel clumsy.
* * * LOW HITPOINT WARNING * * *
You feel extremely sick.
The spriggan hits you but does no damage.
You are more poisoned.
A red film seems to cover your vision as you go berserk!
You feel yourself moving faster!
You feel mighty!
* * * LOW HITPOINT WARNING * * *
You feel very sick.
The spriggan hits you with the +8 hand axe "Xistruw" {venom, rPois}.
You die...

########
##..).).. ###
##.).).).i
##.##
##..###♣♣#♣
##..@## ##..##
#...i.# ##.)##
##...))###..♣♣
#...∩..)≈≈.)#
#......≈≈≈).#
#......≈≈≈..#
#......≈≈≈..#
#...∩..≈≈≈..#
##.....###(.#


You could see a spriggan.

Vanquished Creatures
  A two-headed ogre (Bailey)
  3 spriggans (Bailey)
  A steam dragon (Bailey)
  5 yaks
  An orc warrior (D:5)
  2 ice beasts
  6 ogres
  A necrophage (D:3)
  5 kobold brigands (Sewer)
  2 gnoll sergeants (D:5)
  4 scorpions
  A wyvern skeleton (D:7)
  3 hounds
  An orc priest (D:6)
  3 jellies
  A bullfrog skeleton (D:5)
  Jessica (D:2)
  Terence (D:3)
  6 orc wizards
  2 hound skeletons (D:4)
  A howler monkey skeleton (D:5)
  12 gnolls
  4 river rats
  7 adders
  An ufetubus (D:7)
  7 worms
  A dart slug (D:5)
  20 orcs
  4 bats
  7 endoplasms
  7 giant cockroaches
  8 goblins
  7 hobgoblins
  4 quokkas
  5 ball pythons
  A frilled lizard (D:2)
  6 kobolds
  A quokka skeleton (D:4)
  7 rats
160 creatures vanquished.

Vanquished Creatures (others)
  2 spriggans (Bailey)
  21 plants (D:5)
23 creatures vanquished.

Grand Total: 183 creatures vanquished

Notes
Turn   | Place    | Note
-------+----------+-------------------------------------------
     0 | D:1      | safid the Hill Orc Fighter began the quest for the Orb.
     0 | D:1      | Reached XP level 1. HP: 19/19 MP: 1/1
   416 | D:1      | Reached skill level 3 in Axes
   416 | D:1      | Reached XP level 2. HP: 18/27 MP: 2/2
  1127 | D:2      | Found a shimmering altar of Xom.
  1142 | D:2      | Reached XP level 3. HP: 33/33 MP: 3/3
  1348 | D:2      | Found Gohurchol's Weapon Emporium.
  1397 | D:2      | Noticed Jessica
  1404 | D:2      | Killed Jessica
  1405 | D:2      | Reached XP level 4. HP: 18/40 MP: 4/4
  1729 | D:3      | Reached skill level 4 in Axes
  2370 | D:3      | Reached skill level 5 in Axes
  2458 | D:3      | Reached XP level 5. HP: 16/46 MP: 5/5
  2693 | D:3      | Noticed Terence
  2716 | D:3      | Killed Terence
  2922 | D:3      | Found a snail-covered altar of Cheibriados.
  3357 | D:4      | Noticed a necrophage
  3363 | D:4      | Reached skill level 6 in Axes
  3385 | D:3      | Killed a necrophage
  3386 | D:3      | Reached skill level 7 in Axes
  3386 | D:3      | Reached XP level 6. HP: 13/52 MP: 6/6
  3793 | D:4      | Found a glowing drain.
  3797 | Sewer    | Entered a sewer
  3942 | Sewer    | Reached skill level 8 in Axes
  4236 | Sewer    | Reached XP level 7. HP: 39/59 MP: 7/7
  4455 | Sewer    | Reached skill level 9 in Axes
  4897 | Sewer    | Reached skill level 10 in Axes
  5188 | D:4      | Found a staircase to the Ecumenical Temple.
  5201 | D:4      | Reached XP level 8. HP: 62/66 MP: 8/8
  5322 | D:4      | Reached skill level 11 in Axes
  5387 | D:5      | Entered Level 5 of the Dungeon
  5422 | D:5      | Noticed a yak
  5423 | D:5      | Noticed a yak
  5423 | D:5      | Noticed a yak
  5424 | D:5      | Noticed a yak
  5452 | D:5      | HP: 3/66 [gnoll sergeant/+4 trident of protection (5)]
  5453 | D:5      | HP: 1/66 [gnoll sergeant/+4 trident of protection (2)]
  5956 | D:5      | Noticed a yak
  5964 | D:5      | Killed a yak
  6094 | D:4      | Killed a yak
  6095 | D:4      | Reached skill level 12 in Axes
  6279 | D:5      | Killed a yak
  6280 | D:5      | Reached skill level 13 in Axes
  6284 | D:5      | Killed a yak
  6292 | D:5      | Killed a yak
  6293 | D:5      | Reached XP level 9. HP: 31/71 MP: 9/9
  6605 | D:5      | Reached skill level 14 in Axes
  7737 | D:6      | Reached skill level 15 in Axes
  8749 | D:7      | Reached skill level 16 in Axes
  8794 | D:7      | Found a flagged portal.
  8967 | Bailey   | Entered a bailey
  9006 | Bailey   | Reached skill level 1 in Dodging
  9086 | Bailey   | Reached skill level 5 in Fighting
  9086 | Bailey   | Reached XP level 10. HP: 69/81 MP: 10/10
  9115 | Bailey   | Reached skill level 5 in Armour
  9115 | Bailey   | Reached skill level 5 in Shields
  9116 | Bailey   | Noticed a two-headed ogre
  9126 | Bailey   | Killed a two-headed ogre
  9271 | Bailey   | Identified the +8 hand axe "Xistruw" {venom, rPois}
  9286 | Bailey   | HP: 5/124 [poisoned by a spriggan]
  9286 | Bailey   | Slain by a spriggan

Illustrated notes

Levels and vault maps discovered:
D:1:      minmay_arrival_stair_chambers, layout_basic, serial_bayou_pond_a
D:2:      layout_basic, serial_shops, shop, basic_altar, uniq_jessica
D:3:      layout_basic, cheibriados_altar_1, kennysheep_generic_room_9,
          uniq_terence
D:4:      layout_rooms, minmay_temple_entry_sparse_star, gup_sewer_entry_spiral,
          grunt_ministairs_8, grunt_decor_fettered
D:5:      layout_basic, nicolae_grassy_gnolls
D:6:      layout_loops_cross
D:7:      layout_cave_pools, enter_bailey_5
Bailey:   bailey_polearm_enchanted_keep_hellmonk, bailey

Skill      XL: |  1  2  3  4  5  6  7  8  9 10 |
---------------+-------------------------------+-----
Axes           | 3 5 7 8 10 13 16 | 16.0
Fighting       | 4 5 6 |  6.0
Armour         | 4 5 |  5.7
Shields        | 4 5 |  5.7
Dodging        | 1 2 |  2.8

Action                   |  1- 3 |  4- 6 |  7- 9 | 10-12 || total
-------------------------+-------+-------+-------+-------++-------
Melee: War axe           |    55 |   170 |   374 |    46 ||   645
Throw: Dart              |       |       |    10 |     1 ||    11
Evoke: Wand              |       |       |       |     1 ||     1
  Use: Scroll            |       |       |     6 |       ||     6
       Potion            |       |       |       |     6 ||     6
Armor: Plate armour      |    30 |    85 |   124 |    16 ||   255
       Scale mail        |     3 |       |       |       ||     3
Dodge: Dodged            |    25 |    64 |   137 |    14 ||   240
Block: Buckler           |     6 |    35 |    31 |       ||    72
       Kite shield       |       |       |    63 |    19 ||    82
